 Dungeon Crawl Stone Soup version 0.31-a0-771-g505c3d19dc (webtiles) character file.

Game seed: 2808769888115560762

5 cforsyth the Sneak (level 1, -1/20 HPs)
             Began as a Djinni Delver on Sept 16, 2023.
             Slain by an ogre
             ... wielding a +0 giant club
              (21 damage)
             ... on level 5 of the Dungeon.
             The game lasted 00:00:22 (147 turns).

cforsyth the Sneak (Djinni Delver)                   Turns: 147, Time: 00:00:23

Health: -1/20      AC:  3    Str: 11    XL:     1   Next: 88%
Gold:   25         EV: 12    Int: 11    God:
                   SH:  0    Dex: 14

rFire   + + .        a - +0 falchion
rCold   x . .        (no shield)
rNeg    . . .        b - +0 leather armour
rPois   ∞            (no helmet)
rElec   .            (no cloak)
rCorr   .            (no gloves)
SInv    .            (boots unavailable)
Will    .....        (no amulet)
Stlth   ++           (no ring)
HPRegen 0.23/turn    (no ring)
MPRegen 0.00/turn

%: infuse magic (-2 HP)
@: flying
A: sickness immunity, fire resistance 2, cold vulnerability 1, float, innate
caster, HP casting, extra vitality 1
a: no special abilities


You were on level 5 of the Dungeon.
You visited 1 branch of the dungeon, and saw 1 of its levels.

You collected 25 gold pieces.

Inventory:

Hand Weapons
 a - a +0 falchion (weapon)
Armour
 b - a +0 leather armour (worn)
Wands
 g - a wand of digging (3)
 h - a wand of light (9)
Scrolls
 c - a scroll of fog
 d - a scroll of revelation
 e - a scroll of fear
 i - a scroll of identify {unknown}
 j - a scroll of teleportation {unknown}
Potions
 f - a potion of haste


   Skills:
 + Level 3.1 Fighting
 - Level 1.7 Long Blades
 - Level 2.1 Dodging
 - Level 4.1 Stealth
 + Level 0.4 Spellcasting
 + Level 0.4 Conjurations
 + Level 0.4 Hexes
   Level 0.0 Charms
 + Level 0.4 Summonings
 + Level 0.4 Necromancy
 + Level 0.4 Translocations
 + Level 0.4 Transmutations
 + Level 0.4 Fire Magic
 + Level 0.4 Ice Magic
 + Level 0.4 Air Magic
 + Level 0.4 Earth Magic
 + Level 0.4 Poison Magic You didn't know any spells. Your spell library was empty.

Dungeon Overview and Level Annotations

Branches:
Dungeon (5/15)
 Temple: D:4-7

Altars:


Innate Abilities, Weirdness & Mutations

You are immune to sickness and miasma.
You are immune to poison.
Your flesh is very heat resistant. (rF++)
You are vulnerable to cold. (rC-)
You float through the air rather than walking.
You learn spells naturally, not from books.
Your magical power is your life essence.
You have superior vitality. (+4 MHP)


Message History

The ufetubus barely misses you. The ufetubus closely misses you.
The ufetubus hits you but does no damage.
The ufetubus closely misses you.
You miss the ufetubus.
The ufetubus is heavily wounded.
The ufetubus hits you. x3
* * * LOW HITPOINT WARNING * * *
The ufetubus hits you.
* * * LOW HITPOINT WARNING * * *
You closely miss the ufetubus.
The ufetubus is heavily wounded.
The ufetubus barely misses you. x2
You barely miss the ufetubus.
The ufetubus is heavily wounded.
The ufetubus misses you. The ufetubus closely misses you.
The ufetubus misses you. The ufetubus barely misses you.
You hit the ufetubus.
You kill the ufetubus!
HP restored.
h - a wand of light (9)
i - a scroll labelled TINOHI RYFI You now have 25 gold pieces (gained 9).
You reach down and open the door.
There is an open door here.
Found a rapier and 4 stones.
You reach down and open the door.
There is an open door here.
You reach down and open the door.
There is an open door here.
Found a short sword.
j - a scroll labelled VUISHI LAEDGH An ogre comes into view.
It is wielding a +0 giant club.
The ogre shouts!
You hear a shout!
You barely miss the ogre. The ogre barely misses you.
An orc comes into view.
It is wielding a +1 short sword of speed.
You hit the ogre.
The ogre is moderately wounded.
The ogre hits you with a +0 giant club!!
Ouch! That really hurt!
You die...

#.)........
#.....o...
#..?.....#
#........#
#........#
#........#
+........+
####.......O##
..........@.#
#.......##.###
#.......+ ....
.. #.......#
##..## #.
#.......# #....
.. #####'#.#
#...##########.
#.#.#
#..............
#.#.#
#.#.#........#.
#.#.#
#.#.#.######.#.


You could see an ogre and an orc.

Vanquished Creatures
  An ufetubus (D:5)
1 creature vanquished.

Notes
Turn   | Place    | Note
-------+----------+-------------------------------------------
     0 | D:5      | cforsyth the Djinni Delver began the quest for the Orb.
     0 | D:5      | Reached XP level 1. HP: 20/20 MP: 0/0
   137 | D:5      | Noticed an ogre
   147 | D:5      | Slain by an ogre

Illustrated notes

Levels and vault maps discovered:
D:5:      layout_basic, minmay_temple_entry_ruins, uniq_crazy_yiuf_cottage,
          uniq_pikel

Action                     || total
---------------------------++-------
  Melee: Falchion          ||    12
 Armour: Leather armour    ||    12
  Dodge: Dodged            ||    24

Table legend: (Time is in decaauts)
 A = Elapsed time spent in this place.
 B = Non-inter-level travel time spent in this place.
 C = Inter-level travel time spent in this place.
 D = Time resting spent in this place.
 E = Time spent auto-exploring this place.
 F = Levels seen in this place.
 G = Mean time per level.
                   A        B        C        D        E       F      G
               +--------+--------+--------+--------+--------+-----+--------+
         Total |    149 |    149 |      0 |      0 |    118 |   1 |  149.0 |
       Dungeon |    149 |    149 |      0 |      0 |    118 |   1 |  149.0 |
               +--------+--------+--------+--------+--------+-----+--------+

Top non-repeatable levels by time:
     D:5: 149 daAuts
